 Dungeon Crawl Stone Soup version 0.28.0 (webtiles) character file.

Game seed: 5331833600366178083

672 trckry the Changer (level 7, -3/55 HPs)
             Began as a White Draconian Transmuter on Feb 13, 2022.
             Slain by Prince Ribbit (12 damage)
             ... on level 5 of the Dungeon.
             The game lasted 00:09:49 (4070 turns).

trckry the Changer (White Draconian Transmuter)     Turns: 4070, Time: 00:09:50

Health: -3/55      AC:  7    Str: 13    XL:     7   Next: 32%
Magic:  10/10      EV: 12    Int: 15    God:
Gold:   185        SH:  0    Dex: 11    Spells: 5/11 levels left

rFire   . . .      SeeInvis .     - Unarmed
rCold   + . .      Faith    .   (no shield)
rNeg    . . .      Spirit   .   (armour unavailable)
rPois   .          Reflect  .   (helmet restricted)
rElec   .          Harm     .   (no cloak)
rCorr   .          Rampage  .   (no gloves)
Will    .....                   a - +0 pair of boots
Stlth   +.........              (no amulet)
HPRegen 0.18/turn               (no ring)
MPRegen 0.12/turn               (no ring)

@: no status effects
A: breathe frost, AC +6, unfitting armour, cold resistance 1, cold-blooded
a: Breathe Frost


You were on level 5 of the Dungeon.
You visited 1 branch of the dungeon, and saw 5 of its levels.

You collected 185 gold pieces.

Inventory:

Hand Weapons
 j - a +0 trident of venom
Armour
 a - a +0 pair of boots (worn)
Scrolls
 b - 6 scrolls of identify {unknown}
 c - a scroll of amnesia {unknown}
 f - a scroll of magic mapping {unknown}
 i - a scroll of blinking {unknown}
Potions
 d - a potion of heal wounds
 e - a potion of flight {unknown}
 g - a potion of berserk rage
 h - a potion of brilliance {unknown}
 k - a potion of degeneration {unknown}


   Skills:
 + Level 2.2 Fighting
 - Level 1.7 Dodging
 + Level 5.6 Unarmed Combat
 + Level 2.5 Spellcasting
 * Level 5.8 Transmutations
 + Level 1.5 Poison Magic


You had 5 spell levels left.
You knew the following spells:

 Your Spells              Type           Power      Damage    Failure   Level
a - Beastly Appendage     Tmut           38%        N/A       1%          1
b - Wereblood             Tmut           19%        N/A       3%          2
c - Spider Form           Tmut/Pois      12%        N/A       14%         3

Your spell library contained the following spells:

 Spells                   Type           Power      Damage    Failure   Level
 Pain                     Necr           4%         1d4       22%         1
 Ice Form                 Ice/Tmut       10%        N/A       54%         4
 Agony                    Necr           1%         N/A       99%         5
 Excruciating Wounds      Necr           0%         N/A       99%         5


Dungeon Overview and Level Annotations

Branches:
Dungeon (5/15)
 Temple: D:4-7

Altars:
Gozag
Sif Muna

Annotations:
D:5 Prince Ribbit


Innate Abilities, Weirdness & Mutations

You can breathe waves of freezing cold which knock back foes.
Your icy white scales are hard. (AC +6)
You cannot fit into any form of body armour.
Your flesh is cold resistant. (rC+)
You are cold-blooded and may be slowed by cold attacks.


Message History

The iguana barely misses you.
You closely miss the iguana. You claw the iguana, but do no damage.
You headbutt the iguana, but do no damage.
Your tail-slap misses the iguana.
The iguana bites you.
You hit the iguana. You headbutt the iguana.
The iguana is moderately wounded.
The iguana misses you.
You closely miss the iguana. You claw the iguana.
Your headbutt misses the iguana.
The iguana is moderately wounded.
The iguana bites you!
You hit the iguana but do no damage. Your kick misses the iguana.
Your punch misses the iguana.
The iguana is moderately wounded.
The iguana bites you!
You hit the iguana.
The iguana is heavily wounded.
The iguana bites you!
* * * LOW HITPOINT WARNING * * *
You hit the iguana. You claw the iguana.
The iguana is almost dead.
The iguana bites you.
* * * LOW HITPOINT WARNING * * *
You hit the iguana but do no damage. You headbutt the iguana.
You kill the iguana!
You recover from your berserk rage.
Your transformation is almost over.
Prince Ribbit is nearby!
Prince Ribbit blinks!
You now have 185 gold pieces (gained 26).
Things that are here:
a +0 dagger; 5 stones; a kobold corpse Your horns disappear.
Your talons disappear.
Your +0 pair of boots unmelds from your body.
Prince Ribbit blinks!
Prince Ribbit hits you.
* * * LOW HITPOINT WARNING * * *
Prince Ribbit hops awkwardly around.
Prince Ribbit hits you!
You die...

#########
#.......#
#.......# ###
#.......# #.#
#......<# ..#
#.......# #.#
######.......#
#.#
##............#
###.#
##.@############
#...### #.F##
#.....###.##
#.#.#...#.#
#.#.###...#
#†#.# ##..# .
##...# ##.# ..
#..#######.###
#.# #..#
##......##+##


You could see Prince Ribbit.

Vanquished Creatures
  A black bear (D:3)
  A phantom (D:5)
  A kobold brigand (D:5)
  A scorpion (D:5)
  A howler monkey (D:4)
  2 hounds (D:5)
  4 iguanas
  A hound skeleton (D:4)
  A howler monkey zombie (D:5)
  4 adders
  3 gnolls (D:3)
  2 adder skeletons
  2 worms (D:2)
  6 orcs (D:3)
  11 ball pythons
  8 bats
  6 endoplasms
  6 giant cockroaches
  9 goblins
  4 hobgoblins
  3 quokkas
  3 frilled lizards
  13 kobolds
  7 rats
100 creatures vanquished.

Notes
Turn   | Place    | Note
-------+----------+-------------------------------------------
     0 | D:1      | trckry the Draconian Transmuter began the quest for the
                  | Orb.
     0 | D:1      | Reached XP level 1. HP: 16/16 MP: 3/3
   409 | D:1      | Reached XP level 2. HP: 23/23 MP: 5/5
  1240 | D:2      | Reached XP level 3. HP: 22/28 MP: 3/6
  1802 | D:2      | Found a faded altar of an unknown god.
  1917 | D:3      | Reached XP level 4. HP: 27/35 MP: 7/7
  2053 | D:3      | Noticed a black bear
  2075 | D:3      | Learned a level 2 spell: Wereblood
  2269 | D:3      | Identified the +5 scale mail of Winter {Drain rN++ Will+
                  | Stlth+}
  2292 | D:3      | Reached XP level 5. HP: 34/40 MP: 6/8
  2423 | D:3      | Killed a black bear
  2424 | D:3      | Reached skill level 5 in Unarmed Combat
  2995 | D:4      | Reached XP level 6. HP: 22/47 MP: 7/9
  3175 | D:4      | Found an opulent altar of Gozag.
  3353 | D:4      | Found a shimmering blue altar of Sif Muna.
  3545 | D:4      | Reached skill level 5 in Transmutations
  3772 | D:5      | Entered Level 5 of the Dungeon
  3774 | D:5      | Noticed Prince Ribbit
  3782 | D:4      | Learned a level 3 spell: Spider Form
  3908 | D:5      | Reached skill level 1 in Poison Magic
  3948 | D:5      | Your scales start taking on an icy white colour.
  3948 | D:5      | Reached XP level 7. HP: 37/53 MP: 8/10
  3948 | D:5      | Gained mutation: Your flesh is cold resistant. (rC+) [White
                  | Draconian growth]
  3979 | D:5      | HP: 7/53 [kobold brigand (1)]
  3984 | D:5      | HP: 6/82 [poisoned by a kobold brigand]
  3988 | D:5      | HP: 2/82 [kobold (2)]
  4026 | D:5      | HP: 8/55 [iguana (11)]
  4070 | D:5      | Slain by Prince Ribbit

Illustrated notes

Levels and vault maps discovered:
D:1:      eino_arrival_cavern_b, layout_basic, minmay_misc_feat_cross,
          minmay_unequal
D:2:      layout_basic, ebering_ecumenical_altar_webs
D:3:      layout_basic, grunt_ministairs_4, minmay_pentomino_pile
D:4:      layout_rooms, old_standard_altar, nicolae_gozag_seed_capital
D:5:      kennysheep_six_static_rooms, layout_rooms, wad_floor_pattern_1,
          uniq_prince_ribbit1

Skill      XL: |  1  2  3  4  5  6  7 |
---------------+----------------------+-----
Transmutations | 3 4 5 |  5.8
Unarmed Combat | 4 5 |  5.6
Poison Magic   | 1 |  1.5
Fighting       | 2 |  2.2
Dodging        | |  1.7
Spellcasting   | |  2.5

Action                   |  1- 3 |  4- 6 |  7- 9 || total
-------------------------+-------+-------+-------++-------
Melee: Unarmed           |   150 |   158 |    31 ||   339
       Tailslap          |    20 |    17 |     5 ||    42
       Headbutt          |     4 |    21 |     8 ||    33
       Punch             |     3 |     3 |       ||     6
       Kick              |     9 |    34 |     9 ||    52
 Cast: Beastly Appendage |     6 |    15 |     2 ||    23
       Wereblood         |       |     3 |       ||     3
  Use: Potion            |       |       |     2 ||     2
 Stab: Sleeping          |     2 |       |       ||     2
Armor: Skin              |    52 |    57 |     8 ||   117
Dodge: Dodged            |    83 |   111 |    25 ||   219
